 Dungeon Crawl Stone Soup version 0.28.0-53-g5a82cb258f (webtiles) character file.

Game seed: 10647184723082961757

240 protoss039 the Digger (level 5, 0/41 HPs)
             Began as a Demonspawn Earth Elementalist on June 10, 2022.
             Killed by nerve-wracking pain
             ... invoked by Grinder
              (4 damage)
             ... while paralysed by Grinder
             ... on level 3 of the Dungeon.
             The game lasted 00:05:35 (5809 turns).

protoss039 the Digger (DsEE)                        Turns: 5809, Time: 00:05:35

Health: 0/41       AC:  2    Str:  9    XL:     5   Next: 79%
Magic:  0/9        EV:  2    Int: 18    God:
Gold:   75         SH:  0    Dex: 19    Spells: 4/10 levels left

rFire   . . .      SeeInvis .   g - +0 short sword (venom)
rCold   . . .      Faith    .   (no shield)
rNeg    . . .      Spirit   +   b - +0 robe
rPois   .          Reflect  .   (no helmet)
rElec   .          Harm     .   (no cloak)
rCorr   .          Rampage  .   (no gloves)
Will    .....                   (no boots)
Stlth   ++........              (no amulet)
HPRegen 0.13/turn               l - +6 ring of dexterity
MPRegen 0.22/turn               (no ring)

@: paralysed, very slightly contaminated
A: hooves 1, magic shield, magic regeneration
a: no special abilities


You were on level 3 of the Dungeon.
You visited 1 branch of the dungeon, and saw 3 of its levels.

You collected 75 gold pieces.

Inventory:

Hand Weapons
 g - a +0 short sword of venom (weapon)
 h - a +2 short sword of draining
 m - a +2 hand axe of flaming
Missiles
 c - 164 stones
Armour
 b - a +0 robe (worn)
Magical Staves
 j - a staff of conjuration
Jewellery
 l - a +6 ring of dexterity (left hand)
Scrolls
 a - 2 scrolls of immolation {unknown}
 d - a scroll of identify {unknown}
 f - a scroll of fog {unknown}
 k - a scroll of summoning {unknown}
 n - a scroll of teleportation {unknown}
 o - a scroll of fear {unknown}
Potions
 e - a potion of flight {unknown}
 i - a potion of haste {unknown}


   Skills:
 * Level 3.4 Fighting
 + Level 2.0 Armour
 - Level 1.7 Dodging
 - Level 1.7 Stealth
 + Level 3.1 Spellcasting
 - Level 1.0 Transmutations
 + Level 3.5 Earth Magic


You had 4 spell levels left.
You knew the following spells:

 Your Spells              Type           Power      Damage    Failure   Level
a - Sandblast             Erth           30%        2d9       3%          1
b - Passwall              Tmut/Erth      8%         N/A       10%         2
c - Stone Arrow           Conj/Erth      18%        3d8       24%         3

Your spell library contained the following spells:

 Spells                   Type           Power      Damage    Failure   Level
 Corpse Rot               Necr/Air       4%         N/A       24%         2
 Gell's Gravitas          Tloc           2%         N/A       43%         3
 Teleport Other           Tloc           2%         N/A       43%         3
 Petrify                  Tmut/Erth      10%        N/A       54%         4
 Dispel Undead            Necr           2%         3d7       85%         4
 Fireball                 Conj/Fire      1%         3d3       99%         5
 Death Channel            Necr           1%         N/A       100%        6
 Dispersal                Tloc           1%         N/A       100%        6
 Starburst                Conj/Fire      1%         6d3       100%        6
 Ignition                 Fire           1%         3d3       100%        8


Dungeon Overview and Level Annotations

Branches:
Dungeon (3/15)

Altars:
Dithmenos

Shops:
D:2 [

Annotations:
D:3 2 transporters, Grinder


Innate Abilities, Weirdness & Mutations

You have large cloven feet.
When hurt, damage is shared between your health and your magic reserves.
You regenerate magic rapidly.


Message History

You hit Grinder.
Grinder is poisoned.
Your kick misses Grinder.
Grinder is moderately wounded.
Grinder hits you.
You writhe in agony.
Casting: Stone Arrow (quite dangerous; 24% risk of failure)
Confirm with . or Enter, or press ? or * to list all spells.
The spell is quite dangerous to miscast (24% risk of failure)!
Continue anyway?
Aiming: Stone Arrow (quite dangerous; 24% risk of failure)
Press: ? - help, Shift-Dir - straight line, f - Grinder
Aim: Grinder (moderately wounded, very poisoned, 60% to hit)
The stone arrow misses Grinder.
Grinder says, "FISH!"
Unknown command.
You start resting.
Grinder is nearby!
Casting: Stone Arrow (quite dangerous; 24% risk of failure)
Confirm with . or Enter, or press ? or * to list all spells.
The spell is quite dangerous to miscast (24% risk of failure)!
Continue anyway?
Aiming: Stone Arrow (quite dangerous; 24% risk of failure)
Press: ? - help, Shift-Dir - straight line, f/p - Grinder
Aim: Grinder (moderately wounded, very poisoned, 60% to hit)
You miscast Stone Arrow.
You are very lightly contaminated with residual magic.
Energy rips through your body.
Unknown command.
Unknown command.
Grinder hits you!
You writhe in agony.
Unknown command.
You closely miss Grinder. Your kick misses Grinder.
Grinder is heavily wounded.
Grinder blinks!
Unknown command.
Grinder gestures at you.
You suddenly lose the ability to move!
Grinder gestures at you. Pain shoots through your body!
* * * LOW HITPOINT WARNING * * *
Grinder looks more healthy.
Grinder gestures at you. Pain shoots through your body!
You die...

.###.###............##.#.#.##.###
.##....................#.#.#.....
...................(...#.#.######
...........#...........#.#.######
...........#.....#.....#.#.#.....
.##........#.....#..####.#.#.####
###........#.....#..####.#.#.#
#........#.....#.......#.#.#
#........#####@#.#######.#.#
#..............#.........#.#
#........####..###########.#
#........# #.5# #.# #........#
#..# #.# #........# #..# #.#
#........# #..# #.# ##########
#..# #.# #..###########.#


You could see Grinder.

Vanquished Creatures
  An ogre (D:2)
  A bullfrog skeleton (D:3)
  A gnoll (D:1)
  5 adders
  A worm (D:2)
  3 dart slugs (D:2)
  An orc (D:3)
  8 ball pythons
  6 endoplasms
  8 hobgoblins
  5 quokkas
  4 bats
  A frilled lizard (D:1)
  8 goblins
  6 kobolds (D:1)
  5 rats
64 creatures vanquished.

Notes
Turn   | Place    | Note
-------+----------+-------------------------------------------
     0 | D:1      | protoss039 the Demonspawn Earth Elementalist began the
                  | quest for the Orb.
     0 | D:1      | Reached XP level 1. HP: 13/13 MP: 3/3
   191 | D:1      | Reached skill level 1 in Transmutations
   884 | D:1      | Reached skill level 1 in Fighting
   884 | D:1      | Gained mutation: You have large cloven feet. [demonic
                  | ancestry]
   884 | D:1      | Reached XP level 2. HP: 10/21 MP: 5/5
  1451 | D:1      | Found a faded altar of an unknown god.
  1684 | D:1      | Gained mutation: You regenerate magic rapidly. [demonic
                  | ancestry]
  1684 | D:1      | Reached XP level 3. HP: 26/26 MP: 6/6
  2248 | D:1      | Reached skill level 1 in Armour
  3012 | D:1      | Learned a level 2 spell: Passwall
  3016 | D:1      | Learned a level 3 spell: Stone Arrow
  3275 | D:2      | Noticed an ogre
  3834 | D:2      | Killed an ogre
  3835 | D:2      | Reached XP level 4. HP: 34/34 MP: 1/8
  3835 | D:2      | Gained mutation: When hurt, damage is shared between your
                  | health and your magic reserves. [demonic ancestry]
  3835 | D:2      | Reached XP level 5. HP: 40/40 MP: 1/9
  3904 | D:2      | Found Luiptees's Armour Shoppe.
  4830 | D:3      | Found a shadowy altar of Dithmenos.
  4832 | D:3      | Noticed a sky beast
  4834 | D:3      | Found a transporter.
  4834 | D:3      | Noticed a sky beast
  4854 | D:3      | Found a transporter.
  5374 | D:3      | Noticed Grinder
  5805 | D:3      | Paralysed by Grinder for 6 turns
  5809 | D:3      | Killed from afar by Grinder

Illustrated notes

Levels and vault maps discovered:
D:1:      evilmike_arrival_rings, layout_basic,
          hellmonk_ecumenical_altar_prayer_group, minmay_tiny_reverse_x
D:2:      layout_loops_ring, serial_shops, nicolae_shop_stone,
          serial_co_window_serial, co_window_paths_a,
          co_window_of_opportunity_a, co_window_of_opportunity_a,
          co_window_corner_a, co_window_paths_b, co_window_corner_cb,
          co_window_of_opportunity_c, co_window_unsneaky_path_d,
          co_window_paths_d, co_window_paths_e, glass_columns_b,
          glass_columns_a, glass_columns_c, minmay_tetromino_i4
D:3:      layout_basic, gammafunk_temple_overflow_arena, uniq_grinder

Skill      XL: |  1  2  3  4  5 |
---------------+----------------+-----
Transmutations | 1 |  1.0
Fighting       | 1 2 3 |  3.4
Earth Magic    | 3 |  3.5
Armour         | 1 2 |  2.0
Spellcasting   | 3 |  3.1
Dodging        | |  1.7
Stealth        | |  1.7

Action                   |  1- 3 |  4- 6 || total
-------------------------+-------+-------++-------
Melee: Unarmed           |     6 |       ||     6
       Whip              |     5 |       ||     5
       Short sword       |    71 |    62 ||   133
       Punch             |     1 |     1 ||     2
       Kick              |    15 |    22 ||    37
 Cast: Sandblast         |    19 |     5 ||    24
       Stone Arrow       |     3 |     7 ||    10
       Passwall          |     1 |       ||     1
 Stab: Sleeping          |     7 |     4 ||    11
       Distracted        |       |     1 ||     1
Armor: Robe              |    14 |     8 ||    22
Dodge: Dodged            |    39 |    44 ||    83
